TOP OF THE 1ST |
Bowie Baysox batting - Pitching for Birmingham Barons : RHP Ruben Castro
|
Pitching: RHP Ruben Castro
|
|
Batting: RHB Travis Leonard
|
0-0: Ball 1-0: Ball 2-0: SINGLE (Groundball, 25, EV 69.4 MPH) (infield hit)
|
Batting: RHB Joe Young
|
0-0: Fielders Choice at 2nd, 1-6 (Groundball, 34S, EV 73.8 MPH)
|
Batting: RHB Muneer Maudad
|
0-0: Ball 1-0: Called Strike 1-1: Ball 2-1: SINGLE (Groundball, 56D, EV 100.6 MPH) Joe Young to second
|
Batting: RHB John Gray
|
0-0: Ball 1-0: Ball 2-0: Ground out 3-1 (Groundball, 34S, EV 68.8 MPH) Joe Young to third Muneer Maudad to second
|
Batting: RHB Andy Chess
|
0-0: Foul Ball, location: 2F 0-1: Ball 1-1: Foul Ball, location: 2F 1-2: Ball 2-2: Foul Ball, location: 2F 2-2: Ball 3-2: Ground out 6-3 (Groundball, 6MD, EV 76.9 MPH)
|
Top of the 1st over - 0 runs, 2 hits, 0 errors, 2 left on base; Bowie 0 - Birmingham 0 |
BOTTOM OF THE 1ST |
Birmingham Barons batting - Pitching for Bowie Baysox : RHP Chris Anderson
|
Pitching: RHP Chris Anderson
|
|
Batting: LHB Dalton Silveira
|
0-0: Ball 1-0: Called Strike 1-1: SINGLE (Groundball, 4MD, EV 95.0 MPH)
|
Batting: LHB Larry Myers
|
0-0: Ball Dalton Silveira is caught stealing 2nd base 2-6 1-0: Ball 2-0: Ball 3-0: SINGLE (Flyball, 34D, EV 90.0 MPH)
|
Batting: SHB Ruben Velasco Jr.
|
0-0: Called Strike 0-1: Foul Ball, location: 2F 0-2: Ball 1-2: DOUBLE (Line Drive, 89D, EV 106.2 MPH) Larry Myers to third Runner from 3rd tries for Home, SAFE, throw by RF to trailing runner, SAFE at third!
|
Batting: RHB Josiah Wright
|
0-0: SINGLE (Groundball, 56S, EV 70.0 MPH) (infield hit) Ruben Velasco Jr. scores
|
Batting: RHB Mike Savage
|
0-0: Ball 1-0: Called Strike 1-1: Called Strike 1-2: Ball 2-2: 2-RUN HOME RUN (Flyball, 89XD, EV 100.0 MPH), Distance : 406 ft
|
Batting: SHB Josh Conner
|
0-0: Ball 1-0: Called Strike 1-1: Ball 2-1: SINGLE (Groundball, 6MD, EV 104.4 MPH)
|
Batting: SHB Olaf Zoeteman
|
0-0: Called Strike 0-1: SINGLE (Groundball, 4MD, EV 95.6 MPH) Josh Conner to second
|
Batting: RHB John Iddings
|
0-0: Called Strike 0-1: Foul Ball, location: 2F 0-2: Ball 1-2: Grounds into double play, 5-4-3 (Groundball, 56, EV 89.4 MPH)
|
Bottom of the 1st over - 4 runs, 7 hits, 0 errors, 1 left on base; Bowie 0 - Birmingham 4 |
TOP OF THE 2ND |
Bowie Baysox batting - Pitching for Birmingham Barons : RHP Ruben Castro
|
Batting: RHB Edwin Ramos
|
0-0: Ball 1-0: Ball 2-0: Foul Ball, location: 2F 2-1: Ball 3-1: Base on Balls
|
Batting: RHB Ray Sims
|
0-0: Called Strike 0-1: Foul Ball, location: 2F 0-2: Ball 1-2: Strikes out swinging
|
Batting: RHB Ken Jenkins
|
0-0: Called Strike 0-1: Fielders Choice at 2nd, 6-4 (Groundball, 6, EV 86.2 MPH)
|
Batting: RHB Honório Szenes
|
0-0: Called Strike 0-1: Called Strike Ken Jenkins steals 2nd base 0-2: SINGLE (Groundball, 34, EV 106.2 MPH) Ken Jenkins to third Runner from 3rd tries for Home, throw by RF and OUT! 9-2
|
Top of the 2nd over - 0 runs, 1 hit, 0 errors, 1 left on base; Bowie 0 - Birmingham 4 |
BOTTOM OF THE 2ND |
Birmingham Barons batting - Pitching for Bowie Baysox : RHP Chris Anderson
|
Batting: LHB Noel Wilson
|
0-0: Ball 1-0: Called Strike 1-1: Ball 2-1: SINGLE (Groundball, 56S, EV 64.4 MPH) (infield hit)
|
Batting: LHB Dalton Silveira
|
0-0: Ball 1-0: SINGLE (Groundball, 6MD, EV 95.6 MPH) Noel Wilson to second Runner from 2nd tries for 3rd, OUT! 8-5
|
Batting: LHB Larry Myers
|
0-0: Ball 1-0: Ball 2-0: Fly out, F5 (Line Drive, 5, EV 66.2 MPH)
|
Batting: SHB Ruben Velasco Jr.
|
0-0: Called Strike 0-1: Called Strike 0-2: Ball 1-2: Strikes out swinging
|
Bottom of the 2nd over - 0 runs, 2 hits, 0 errors, 1 left on base; Bowie 0 - Birmingham 4 |
TOP OF THE 3RD |
Bowie Baysox batting - Pitching for Birmingham Barons : RHP Ruben Castro
|
Batting: RHB Travis Leonard
|
0-0: Ball 1-0: Ball 2-0: Called Strike 2-1: Called Strike 2-2: Ball 3-2: SINGLE (Line Drive, 8LS, EV 101.9 MPH)
|
Batting: RHB Joe Young
|
0-0: Ball 1-0: Foul Ball, location: 2F 1-1: Ball 2-1: Called Strike Travis Leonard is caught stealing 2nd base 2-4 2-2: Foul Ball, location: 2F 2-2: Foul Ball, location: 2F 2-2: Foul Ball, location: 2F 2-2: Ball 3-2: Fly out, F7 (Flyball, 7D, EV 96.9 MPH)
|
Batting: RHB Muneer Maudad
|
0-0: Foul Ball, location: 2F 0-1: Ground out 4-3 (Groundball, 4, EV 84.4 MPH)
|
Top of the 3rd over - 0 runs, 1 hit, 0 errors, 0 left on base; Bowie 0 - Birmingham 4 |
BOTTOM OF THE 3RD |
Birmingham Barons batting - Pitching for Bowie Baysox : RHP Chris Anderson
|
Batting: RHB Josiah Wright
|
0-0: Ball 1-0: Fly out, F6 (Popup, 6MD, EV 48.1 MPH)
|
Batting: RHB Mike Savage
|
0-0: Ball 1-0: Swinging Strike 1-1: Ball 2-1: Ball 3-1: Foul Ball, location: 2F 3-2: Ground out 3-1 (Groundball, 34S, EV 73.1 MPH)
|
Batting: SHB Josh Conner
|
0-0: Ball 1-0: Ball 2-0: SINGLE (Groundball, 56D, EV 96.9 MPH)
|
Batting: SHB Olaf Zoeteman
|
Pickoff Throw to First - Out! 1-3
|
Bottom of the 3rd over - 0 runs, 1 hit, 0 errors, 0 left on base; Bowie 0 - Birmingham 4 |
TOP OF THE 4TH |
Bowie Baysox batting - Pitching for Birmingham Barons : RHP Ruben Castro
|
Batting: RHB John Gray
|
0-0: Ground out 5-3 (Groundball, 56S, EV 88.8 MPH)
|
Batting: RHB Andy Chess
|
0-0: Ball 1-0: Called Strike 1-1: Ball 2-1: Ball 3-1: Reached on error, E5 (Groundball, 56, EV 78.1 MPH)
|
Batting: RHB Edwin Ramos
|
0-0: Ball 1-0: SINGLE (Groundball, 4D, EV 106.9 MPH) Andy Chess to second Runner from 2nd tries for 3rd, SAFE, throw by CF made to third
|
Batting: RHB Ray Sims
|
0-0: Called Strike 0-1: Grounds into double play, 5-4-3 (Groundball, 56, EV 76.2 MPH)
|
Top of the 4th over - 0 runs, 1 hit, 1 error, 1 left on base; Bowie 0 - Birmingham 4 |
BOTTOM OF THE 4TH |
Birmingham Barons batting - Pitching for Bowie Baysox : RHP Chris Anderson
|
Batting: SHB Olaf Zoeteman
|
0-0: Ground out U3 (Groundball, 3L, EV 88.8 MPH)
|
Batting: RHB John Iddings
|
0-0: Swinging Strike 0-1: Foul Ball, location: 2F 0-2: Ball 1-2: Foul Ball, location: 2F 1-2: Ground out 6-3 (Groundball, 6, EV 104.4 MPH)
|
Batting: LHB Noel Wilson
|
0-0: Ball 1-0: Swinging Strike 1-1: Ball 2-1: Ball 3-1: Base on Balls
|
Batting: LHB Dalton Silveira
|
0-0: Ball 1-0: Ground out 4-3 (Groundball, 4, EV 104.4 MPH)
|
Bottom of the 4th over - 0 runs, 0 hits, 0 errors, 1 left on base; Bowie 0 - Birmingham 4 |
TOP OF THE 5TH |
Bowie Baysox batting - Pitching for Birmingham Barons : RHP Ruben Castro
|
Batting: RHB Ken Jenkins
|
0-0: Fly out, F8 (Flyball, 8LD, EV 103.8 MPH)
|
Batting: RHB Honório Szenes
|
0-0: Ball 1-0: SINGLE (Groundball, 6M, EV 103.8 MPH) (infield hit)
|
Batting: RHB Travis Leonard
|
0-0: Ball 1-0: Foul Ball, location: 2F 1-1: Grounds into double play, 4-6-3 (Groundball, 34, EV 78.8 MPH)
|
Top of the 5th over - 0 runs, 1 hit, 0 errors, 0 left on base; Bowie 0 - Birmingham 4 |
BOTTOM OF THE 5TH |
Birmingham Barons batting - Pitching for Bowie Baysox : RHP Chris Anderson
|
Batting: LHB Larry Myers
|
0-0: Ball 1-0: Ground out 4-3 (Groundball, 4, EV 92.5 MPH)
|
Batting: SHB Ruben Velasco Jr.
|
0-0: Ball 1-0: Foul Ball, location: 2F 1-1: SINGLE (Line Drive, 6, EV 93.8 MPH)
|
Batting: RHB Josiah Wright
|
0-0: Grounds into double play, 6-4-3 (Groundball, 6, EV 100.0 MPH)
|
Bottom of the 5th over - 0 runs, 1 hit, 0 errors, 0 left on base; Bowie 0 - Birmingham 4 |
TOP OF THE 6TH |
Bowie Baysox batting - Pitching for Birmingham Barons : RHP Ruben Castro
|
Batting: RHB Joe Young
|
0-0: Swinging Strike 0-1: Ball 1-1: Called Strike 1-2: Fly out, F9 (Flyball, 89M, EV 98.1 MPH)
|
Batting: RHB Muneer Maudad
|
0-0: Ball 1-0: Ball 2-0: Called Strike 2-1: Foul Ball, location: 2F 2-2: Ground out 5-3 (Groundball, 56, EV 98.8 MPH)
|
Batting: RHB John Gray
|
0-0: Fly out, F3 (Popup, 3F, EV 73.8 MPH)
|
Top of the 6th over - 0 runs, 0 hits, 0 errors, 0 left on base; Bowie 0 - Birmingham 4 |
BOTTOM OF THE 6TH |
Birmingham Barons batting - Pitching for Bowie Baysox : RHP Chris Anderson
|
Batting: RHB Mike Savage
|
0-0: Called Strike 0-1: Ball 1-1: Foul Ball, location: 2F 1-2: Ball 2-2: Foul Ball, location: 2F 2-2: Foul Ball, location: 2F 2-2: SINGLE (Line Drive, 8LS, EV 90.6 MPH)
|
Batting: SHB Josh Conner
|
0-0: Fielders Choice at 2nd, 6-4 (Groundball, 6, EV 85.0 MPH)
|
Batting: SHB Olaf Zoeteman
|
0-0: Called Strike 0-1: Called Strike 0-2: Ball 1-2: Strikes out looking
|
Batting: RHB John Iddings
|
0-0: Called Strike 0-1: Foul Ball, location: 2F 0-2: Ball 1-2: Ball 2-2: Fielders Choice at 2nd, 6-4 (Groundball, 6, EV 83.1 MPH)
|
Bottom of the 6th over - 0 runs, 1 hit, 0 errors, 1 left on base; Bowie 0 - Birmingham 4 |
TOP OF THE 7TH |
Bowie Baysox batting - Pitching for Birmingham Barons : RHP Ruben Castro
|
Batting: RHB Andy Chess
|
0-0: Called Strike 0-1: SINGLE (Groundball, 6MD, EV 107.5 MPH)
|
Batting: RHB Edwin Ramos
|
0-0: Ball 1-0: Called Strike 1-1: SINGLE (Flyball, 5D, EV 92.5 MPH) Andy Chess to second
|
Pitching: LHP Mark Sharrett
|
|
Batting: RHB Ray Sims
|
0-0: Grounds into double play, 6-4-3 (Groundball, 6, EV 103.1 MPH) Andy Chess to third
|
Batting: RHB Ken Jenkins
|
0-0: Called Strike 0-1: Foul Ball, location: 2F 0-2: Ball 1-2: Foul Ball, location: 2F 1-2: Strikes out looking
|
Top of the 7th over - 0 runs, 2 hits, 0 errors, 1 left on base; Bowie 0 - Birmingham 4 |
BOTTOM OF THE 7TH |
Birmingham Barons batting - Pitching for Bowie Baysox : RHP Chris Anderson
|
Batting: LHB Noel Wilson
|
0-0: Ball 1-0: Ball 2-0: Called Strike 2-1: Called Strike 2-2: SINGLE (Groundball, 4D, EV 106.2 MPH)
|
Batting: LHB Dalton Silveira
|
0-0: Bunted foul 0-1: Bunted foul 0-2: Ball 1-2: Ground out 6-3 (Groundball, P, EV 81.9 MPH) Noel Wilson to second
|
Pitching: RHP Oscar Munoz
|
|
Batting: LHB Larry Myers
|
0-0: Ball 1-0: Foul Ball, location: 2F 1-1: Ball 2-1: Swinging Strike 2-2: Ball 3-2: Ground out 6-3 (Groundball, 6, EV 93.8 MPH)
|
Batting: SHB Ruben Velasco Jr.
|
0-0: Intentional Walk
|
Batting: RHB Josiah Wright
|
0-0: Ball 1-0: Called Strike 1-1: Fly out, F6 (Popup, 6MD, EV 63.8 MPH)
|
Bottom of the 7th over - 0 runs, 1 hit, 0 errors, 2 left on base; Bowie 0 - Birmingham 4 |
TOP OF THE 8TH |
Bowie Baysox batting - Pitching for Birmingham Barons : LHP Mark Sharrett
|
Batting: RHB Honório Szenes
|
0-0: Called Strike 0-1: Foul Ball, location: 2F 0-2: Ball 1-2: Foul Ball, location: 2F 1-2: Strikes out swinging
|
Batting: RHB Travis Leonard
|
0-0: Called Strike 0-1: Ball 1-1: Foul Ball, location: 2F 1-2: Strikes out swinging
|
Batting: RHB Joe Young
|
0-0: Called Strike 0-1: Ball 1-1: Swinging Strike 1-2: Strikes out swinging
|
Top of the 8th over - 0 runs, 0 hits, 0 errors, 0 left on base; Bowie 0 - Birmingham 4 |
BOTTOM OF THE 8TH |
Birmingham Barons batting - Pitching for Bowie Baysox : RHP Oscar Munoz
|
Batting: RHB Mike Savage
|
0-0: Reached on error, E3 (Groundball, 34, EV 109.4 MPH)
|
Batting: SHB Josh Conner
|
0-0: Called Strike 0-1: Ball 1-1: Ball 2-1: Ball 3-1: Foul Ball, location: 2F 3-2: Foul Ball, location: 2F 3-2: Strikes out swinging
|
Batting: SHB Olaf Zoeteman
|
0-0: Ball Mike Savage steals 2nd base 1-0: Intentional Walk
|
Batting: RHB John Iddings
|
0-0: DOUBLE (Flyball, 78D, EV 107.5 MPH) Mike Savage scores Olaf Zoeteman to third
|
Batting: LHB Noel Wilson
|
0-0: Foul Ball, location: 2F 0-1: Called Strike 0-2: Ball 1-2: Ball 2-2: Ground out 6-3 (Groundball, 6, EV 95.0 MPH) Olaf Zoeteman scores
|
Batting: LHB Dalton Silveira
|
0-0: Ball 1-0: Ball 2-0: Called Strike 2-1: Foul Ball, location: 2F 2-2: SINGLE (Line Drive, 6MD, EV 107.5 MPH) John Iddings to third
|
Batting: LHB Larry Myers
|
0-0: Foul Ball, location: 2F 0-1: Foul Ball, location: 2F 0-2: Ball 1-2: Foul Ball, location: 2F 1-2: Strikes out swinging
|
Bottom of the 8th over - 2 runs, 2 hits, 1 error, 2 left on base; Bowie 0 - Birmingham 6 |
TOP OF THE 9TH |
Bowie Baysox batting - Pitching for Birmingham Barons : LHP Mark Sharrett
|
Batting: RHB Muneer Maudad
|
0-0: Ball 1-0: Ball 2-0: Foul Ball, location: 2F 2-1: SINGLE (Groundball, 25, EV 70.0 MPH) (infield hit)
|
Batting: RHB John Gray
|
0-0: Ball 1-0: Called Strike 1-1: Ball 2-1: Ball 3-1: Foul Ball, location: 2F 3-2: Base on Balls Muneer Maudad to second
|
Batting: RHB Andy Chess
|
0-0: Fly out, F7 (Flyball, 7, EV 83.8 MPH)
|
Batting: RHB Edwin Ramos
|
0-0: Foul Ball, location: 2F 0-1: Fly out, F9 (Line Drive, 9, EV 91.2 MPH)
|
Batting: RHB Ray Sims
|
0-0: Fly out, F8 (Flyball, 89D, EV 90.0 MPH)
|
Top of the 9th over - 0 runs, 1 hit, 0 errors, 2 left on base; Bowie 0 - Birmingham 6 |
|